 Dungeon Crawl Stone Soup version 0.21.1-1-g345015f (webtiles) character file.

4 shakethe the Firebug (level 1, -1/10 HPs)
             Began as a Tengu Fire Elementalist on Feb 9, 2018.
             Hit by a stone thrown by a hobgoblin (3 damage)
             ... on level 1 of the Dungeon.
             The game lasted 00:00:31 (52 turns).

shakethe the Firebug (Tengu Fire Elementalist)        Turns: 52, Time: 00:00:32

Health: -1/10      AC:  3    Str:  8    XL:     1   Next: 60%
Magic:  1/4        EV: 12    Int: 15    God:
Gold:   0          SH:  0    Dex: 14    Spells: 3/4 levels left

rFire    . . .     SeeInvis .   (no weapon)
rCold    . . .     Gourm    .   (no shield)
rNeg     . . .     Faith    .   a - +0 robe
rPois    .         Spirit   .   (helmet restricted)
rElec    .         Reflect  .   d - +0 cloak
rCorr    .         Harm     .   (no gloves)
MR       .....                  (boots unavailable)
Stlth    ++........             (no amulet)
HPRegen  0.03/turn              (no ring)
MPRegen  0.09/turn              (no ring)

@: no status effects
A: beak, talons 3
a: no special abilities


You were on level 1 of the Dungeon.
You were not hungry.

You visited 1 branch of the dungeon, and saw 1 of its levels.

Inventory:

Armour
 a - a +0 robe (worn)
 d - a +0 cloak (worn)
   (You found it on level 1 of the Dungeon)
Potions
 e - a potion of curing {unknown}
Books
 b - a book of Flames
Comestibles
 c - a ration


   Skills:
 - Level 2.1 Dodging
 - Level 2.0 Stealth
 + Level 2.0 Spellcasting
 * Level 1.7 Conjurations
 * Level 3.4 Fire Magic


You had 3 spell levels left.
You knew the following spells:

 Your Spells              Type           Power        Failure   Level  Hunger
a - Flame Tongue          Conj/Fire      #....        8%          1    #......


Dungeon Overview and Level Annotations

Branches:
Dungeon (1/15)

Altars:


Innate Abilities, Weirdness & Mutations

You have a beak for a mouth.
You have claws for feet.


Message History

Welcome, shakethe the Tengu Fire Elementalist.
The bosom of this dungeon contains the fabled artefact, the Orb of Zot.
Found a cloak.
Found a staircase leading out of the dungeon.
d - a cloak
There are no items here.
You start putting on your armour.
You continue putting on your cloak. x4
You finish putting on your +0 cloak.
You open the door.
There is an open door here.
You open the door. 2 goblins come into view.
Aim: a goblin (resting)
The flame tongue hits the goblin.
You kill the goblin!
You now have 3/4 mp.
There is an open door here.
Aim: a goblin (resting)
The flame tongue hits the goblin.
You kill the goblin!
You now have 2/4 mp.
e - a golden potion
There are no items here.
Things that are here:
20 stones; a goblin corpse
Things that are here:
21 stones; a goblin corpse
There is an open door here.
There is an open door here.
You open the large door.
A hobgoblin comes into view.
A hobgoblin is nearby!
A hobgoblin is nearby!
Unknown command.
A hobgoblin comes into view.
The hobgoblin shouts!
The hobgoblin throws a stone.
The stone hits you.
You see here a stone.
You take 4 damage, and have 6/10 hp.
MASSIVE DAMAGE!!
You can't see any susceptible monsters within range! (Use Z to cast anyway.)
The hobgoblin throws a stone.
The stone barely misses you.
The hobgoblin throws a stone.
The stone closely misses you.
The hobgoblin throws a stone.
The stone barely misses you.
MP restored: 4
Aim: a hobgoblin The flame tongue misses the hobgoblin.
The hobgoblin throws a stone.
The stone hits you but does no damage.
You now have 3/4 mp.
Aim: a hobgoblin The flame tongue hits the hobgoblin.
You now have 2/4 mp.
Aim: a hobgoblin (almost dead)
The flame tongue misses the hobgoblin.
The hobgoblin throws a stone.
The stone closely misses you.
You now have 1/4 mp.
Aim: a hobgoblin (almost dead)
The flame tongue hits the hobgoblin.
You kill the hobgoblin!
You now have 0/4 mp.
You don't have enough magic to cast that spell.
You don't have enough magic to cast that spell.
The hobgoblin throws a stone.
The stone hits you but does no damage.
You see here 2 stones.
The hobgoblin hits you.
There is a large open door here.
You take 1 damage, and have 5/10 hp.
You hit the hobgoblin but do no damage. You claw the hobgoblin.
The hobgoblin hits you.
* * * LOW HITPOINT WARNING * * *
You take 2 damage, and have 3/10 hp.
You hit the hobgoblin.
You claw the hobgoblin, but do no damage.
The hobgoblin barely misses you.
You closely miss the hobgoblin. The hobgoblin hits you.
* * * LOW HITPOINT WARNING * * *
You take 1 damage, and have 2/10 hp.
You see here 2 stones.
The hobgoblin throws a stone.
The stone hits you but does no damage.
You see here a stone.
The hobgoblin throws a stone.
The stone hits you but does no damage.
You see here a stone.
The hobgoblin throws a stone.
The stone hits you.
You die...

###+### #####
###8#8+8###
##≈..###.........##
#§≈.(##...........##
#§...##............#
+≈(..'8...((<(......
#§...#'....@(......#
#§≈..##.....(.....##
##§..###...((....##
##### ####8g8####
##(## ... .....
≈≈≈≈≈≈≈ ####+####


You could see a hobgoblin.

Vanquished Creatures
  2 goblins (D:1)
  A hobgoblin (D:1)
3 creatures vanquished.

Notes
Turn   | Place    | Note
-------+----------+-------------------------------------------
     0 | D:1      | shakethe the Tengu Fire Elementalist began the quest for the Orb.
     0 | D:1      | Reached XP level 1. HP: 10/10 MP: 4/4
    48 | D:1      | HP: 2/10 [hobgoblin (1)]
    52 | D:1      | Hit by a stone thrown by a hobgoblin

Action                   || total
-------------------------++-------
Melee: Unarmed           ||     3
       Kick              ||     2
 Cast: Flame Tongue      ||     6
Armor: Robe              ||     2
Dodge: Dodged            ||     5

Vault maps used:
D:1:      dpeg_arrival_morbid_curiosity, minmay_pentomino_r4

Table legend:
 A = Turns spent in this place as a percentage of turns spent in the entire game.
 B = Non-inter-level travel turns spent in this place as a percentage of non-inter-level travel turns spent in the entire game.
 C = Inter-level travel turns spent in this place as a percentage of turns spent in this place.
 D = Turns resting spent in this place as a percentage of non-inter-level travel turns spent in this place.
 E = Turns spent auto-exploring this place as a percentage of non-inter-level travel turns spent in this place.
 F = Non-inter-level travel turns spent in this place divided by the number of levels of this place that you've seen.
                   A       B       C       D       E      F
               +-------+-------+-------+-------+-------+----------------------
         Total | 100.0 | 100.0 |   0.0 |   0.0 |  32.7 |  52.0
       Dungeon | 100.0 | 100.0 |   0.0 |   0.0 |  32.7 |  52.0
               +-------+-------+-------+-------+-------+----------------------

Table legend:
 A = Kills in this place as a percentage of kills in entire the game.
 B = Kills by you in this place as a percentage of kills by you in the entire game.
 C = Kills by friends in this place as a percentage of kills by friends in the entire game.
 D = Other kills in this place as a percentage of other kills in the entire game.
 E = Experience gained in this place as a percentage of experience gained in the entire game.
 F = Experience gained in this place divided by the number of levels of this place that you have seen.
                   A       B       C       D       E      F
               +-------+-------+-------+-------+-------+----------------------
         Total | 100.0 | 100.0 |   N/A |   N/A | 100.0 |   6.0
       Dungeon | 100.0 | 100.0 |   N/A |   N/A | 100.0 |   6.0
               +-------+-------+-------+-------+-------+----------------------
